 Dungeon Crawl Stone Soup version 0.29.1-1-gd02db69 (webtiles) character file.

Game seed: 11409593203787936193

165039 malesh the Bewitcher (level 18, -15/112 HPs)
             Began as a Kobold Enchanter on Oct 19, 2022.
             Was the Champion of Dithmenos.
             Killed from afar by a spriggan druid (29 damage)
             ... with a stone arrow
             ... summoned by a spriggan rider
             ... on level 1 of the Swamp on Oct 20, 2022.
             The game lasted 02:40:53 (38669 turns).

malesh the Bewitcher (Kobold Enchanter)            Turns: 38669, Time: 02:40:55

Health: -15/112    AC: 15    Str: 16    XL:     18   Next: 50%
Magic:  46/46      EV: 23    Int: 15    God:    Dithmenos [******]
Gold:   504        SH:  7    Dex: 18    Spells: 19/47 levels left

rFire   . . .      SeeInvis .   a - +7 rapier "Nuyvacw" {vamp, Str+8}
rCold   + + .      Faith    .   s - +0 buckler
rNeg    . . .      Spirit   .   L - +2 robe {Archmagi}
rPois   +          Reflect  .   m - +2 hat {Will+}
rElec   +          Harm     .   K - +2 cloak
rCorr   +          Rampage  .   z - +2 pair of gloves
Will    +++..      Archmagi +   j - +2 pair of boots Stlth *****+++++
                                t - amulet "Buzin" {RegenMP rElec rC++ Regen+}
HPRegen 1.08/turn               D - ring "Fayled" {rPois Will+ rCorr Int-4 Stlth+}
MPRegen 0.70/turn               c - ring of Weefou {Contam Fly MP+9 Slay+3}

@: confusing by touch, flying, wreathed by umbra, studying Evocations
A: small, no large weapons, nightstalker 3
a: Renounce Religion, Shadow Step, Shadow Form


You were on level 1 of the Swamp.
You worshipped Dithmenos.
Dithmenos was exalted by your worship.
You visited 7 branches of the dungeon, and saw 30 of its levels.
You visited 1 bazaar.
You also visited: Bailey.

You collected 2678 gold pieces.
You spent 2174 gold pieces at shops.

Inventory:

Hand Weapons
 a - the +7 rapier "Nuyvacw" (weapon) {vamp, Str+8}
   (You bought it in a shop in a bazaar)

   It occasionally heals its wielder for a portion of the damage dealt when it
   wounds a living foe.
   Str:       It affects your strength (+8).
 b - a +2 sling of flaming
 V - a +0 rapier of holy wrath
Missiles
 y - 9 curare-tipped darts
 G - 2 atropa-tipped darts
 Z - 2 throwing nets
Armour
 j - a +2 pair of boots (worn)
 m - a +2 hat of willpower (worn)
 s - a +0 buckler (worn)
 z - a +2 pair of gloves (worn)
 K - a +2 cloak (worn)
 L - a +2 robe of the Archmagi (worn)
Jewellery
 c - the ring of Weefou (right hand) {Contam Fly MP+9 Slay+3}
   (You took it off an orc in a bailey)

   [ring of magical power]

   Slay:      It affects your accuracy & damage with ranged weapons and melee
   (+3).
   MP:        It affects your magic capacity (+9).
   Fly:       It grants you flight.
   Contam:    It causes magical contamination when unequipped.
 t - the amulet "Buzin" (around neck) {RegenMP rElec rC++ Regen+}
   (You found it on level 13 of the Dungeon)

   [amulet of magic regeneration]

   It increases your rate of magic regeneration.
   rC:        It greatly protects you from cold.
   rElec:     It insulates you from electricity.
   Regen:     It increases your rate of health regeneration.
 D - the ring "Fayled" (left hand) {rPois Will+ rCorr Int-4 Stlth+}
   (You found it on level 5 of the Lair of Beasts)

   [ring of willpower]

   Int:       It affects your intelligence (-4).
   rPois:     It protects you from poison.
   rCorr:     It protects you from acid and corrosion.
   Will:      It increases your willpower.
   Stlth:     It makes you more stealthy.
 O - a ring of see invisible
Wands
 l - a wand of charming (24)
 w - a wand of digging (9)
 A - a wand of acid (19)
 C - a wand of flame (23)
 J - a wand of iceblast (32)
 S - a wand of mindburst (8)
 U - a wand of polymorph (11)
Scrolls
 g - 15 scrolls of teleportation
 n - 3 scrolls of magic mapping
 o - 5 scrolls of fear
 r - a scroll of poison
 M - 2 scrolls of vulnerability
 Q - a scroll of blinking
Potions
 d - 15 potions of curing
 e - 14 potions of might
 q - 3 potions of resistance
 v - 3 potions of heal wounds
 x - a potion of invisibility
 B - 3 potions of cancellation
 H - a potion of magic
 N - 4 potions of berserk rage
 R - 7 potions of attraction
 W - a potion of haste
Miscellaneous
 f - a phantom mirror
 h - a box of beasts


   Skills:
 + Level 11.9 Fighting
 + Level 10.8 Short Blades
 + Level 13.8 Dodging
 + Level 14.5 Stealth
 - Level 6.0 Shields
 * Level 15.0 Spellcasting
 - Level 2.0 Conjurations
 + Level 15.1 Hexes
 * Level 7.3 Summonings
 - Level 3.7 Ice Magic
 - Level 3.6 Air Magic
 - Level 4.0 Poison Magic
 - Level 5.0 Invocations
 - Level 8.3 Evocations


You had 19 spell levels left.
You knew the following spells:

 Your Spells              Type           Power      Damage    Failure   Level
a - Ensorcelled Hibernat  Hex/Ice        100%       N/A       1%          2
b - Confusing Touch       Hex            71%        N/A       1%          3
c - Tukima's Dance        Hex            71%        N/A       1%          3
d - Dazzling Flash        Conj/Hex       100%       N/A       1%          3
e - Call Canine Familiar  Summ           49%        N/A       1%          3
f - Swiftness             Air            33%        N/A       5%          3
g - Mephitic Cloud        Conj/Pois/Air  31%        N/A       7%          3
h - Slow                  Hex            100%       N/A       0%          1
i - Enfeeble              Hex            35%        N/A       14%         7

Your spell library contained the following spells:

 Spells                   Type           Power      Damage    Failure   Level
 Summon Small Mammal      Summ           100%       N/A       1%          1
 Inner Flame              Hex/Fire       50%        N/A       1%          3
 Summon Guardian Golem    Hex/Summ       61%        N/A       1%          3
 Shock                    Conj/Air       100%       1d9       2%          1
 Poisonous Vapours        Pois/Air       68%        N/A       2%          2
 Sting                    Tmut/Pois      100%       1d8       3%          1
 Foxfire                  Conj/Fire      84%        2x1d8     5%          1
 Apportation              Tloc           32%        N/A       9%          1
 Yara's Violent Unravell  Hex/Tmut       25%        3d11      11%         5
 Sublimation of Blood     Necr           16%        N/A       12%         2
 Wereblood                Tmut           16%        N/A       12%         2
 Ignite Poison            Fire/Tmut/Pois 22%        N/A       14%         3
 Conjure Flame            Conj/Fire      21%        6-21      16%         3
 Olgreb's Toxic Radiance  Pois           34%        N/A       16%         4
 Airstrike                Air            16%        2d(3-19)  19%         4
 Vampiric Draining        Necr           16%        2d7       24%         3
 Corpse Rot               Necr/Pois/Air  28%        N/A       28%         4
 Ice Form                 Ice/Tmut       25%        N/A       36%         4
 Flame Wave               Conj/Fire      21%        2d8       47%         4
 Freezing Cloud           Conj/Ice/Air   15%        6-21      54%         5
 Alistair's Intoxication  Tmut/Pois      16%        N/A       69%         5
 Conjure Ball Lightning   Conj/Air       14%        3x3d6     98%         6
 Summon Hydra             Summ           24%        N/A       98%         7
 Dispersal                Tloc           8%         N/A       100%        6
 Disjunction              Tloc           8%         N/A       100%        8
 Fire Storm               Conj/Fire      10%        8d3       100%        9


Dungeon Overview and Level Annotations

Branches:
Dungeon (15/15)            Temple (1/1) D:7            Lair (5/5) D:9
  Swamp (1/4) Lair:2        Snake (4/4) Lair:2          Orc (2/2) D:11
    Elf (2/3) Orc:2        Vaults (0/5) D:13         Depths (0/4) D:15
 Bailey (visited)
  Slime: Lair:4-5

Altars:
Ashenzari
Cheibriados
Dithmenos
Elyvilon
Fedhas
Gozag
Hepliaklqana
Kikubaaqudgha
Makhleb
Nemelex Xobeh
Okawaru
Qazlal
Ru
Sif Muna
Trog
Uskayaw
Vehumet
Wu Jian
Xom
Yredelemnul
Zin
The Shining One

Shops:
D:2 :   D:9 [   D:11 [   Orc:2 :*[!   Snake:1 *[*!(   Snake:2 ?

Portals:
Pandemonium: Orc:2

Annotations:
D:5 2 runed translucent doors
D:14 2 transporters
Lair:4 exclusion: 4 oklob plants


Innate Abilities, Weirdness & Mutations

You are small and have problems with some larger weapons.
You are completely attuned to the shadows.


Message History

The spriggan druid splashes around in the water.
The spriggan rider completely misses you.
The spriggan rider hits you with a +0 mace!!
You emit a cloud of dark smoke.
The bloated husk dissolves into shadows!
The bloated husk explodes!
The blast of putrescent gases engulfs you!
The blast of putrescent gases engulfs the spriggan rider!!!
The blast of putrescent gases engulfs the spriggan!!
The spriggan dies!
The spriggan's corpse dissolves into shadows!
The blast of putrescent gases engulfs the spriggan rider!!
The blast of putrescent gases engulfs the spriggan druid!!
You hit the spriggan rider but do no damage.
The spriggan rider is almost dead.
Your shadow barely misses the spriggan rider.
You block the spriggan rider's attack.
The spriggan druid calls out to the beasts of the wild!
The spriggan rider barely misses you.
The spriggan rider hits you with a +0 mace!
You hit the spriggan rider but do no damage.
The spriggan rider is severely wounded.
The spriggan rider hits you with a +0 spear!
The spriggan rider hits you from afar with a +0 spear!!
* * * LOW HITPOINT WARNING * * *
You emit a cloud of dark smoke.
The spriggan druid mumbles some strange words.
The forest starts to sway and rumble!
The spriggan rider attacks as you move away!
The spriggan rider hits you but does no damage.
You block the spriggan rider's attack. x2
Unknown command.
You hit the spriggan rider but do no damage.
The spriggan rider is severely wounded.
Your shadow hits the spriggan rider with a rapier.
Tree limbs sway around you. You block the spriggan rider's attack.
The spriggan druid points at you and mumbles some strange words.
The stone arrow hits you!!
You die...

...♣♣
♣.~?...~~..<.......§~..
♣.♣♣
♣♣~.♣~§~..~~~.).~~.~~..
♣~♣
♣.§~~§~.~~~§~.......~~
~♣.
♣..~~~~~..~~♣~.♣.~.~..
♣♣.~~~~...~~..♣♣♣.§.~~
♣..§~§..[...♣♣ ♣♣~~.♣
♣♣i♣i§.~~~~.♣ ♣♣.♣♣
♣§iin..♣~~~♣ ♣♣♣
♣§§@§§.~~§♣♣ ♣§§§§~..
♣♣§§§§.♣ ♣§~♣♣♣♣ ♣♣~


You could see 3 spriggan riders, a spriggan druid (summoned) and a bloated husk
(summoned).

Vanquished Creatures
  Rupert (Orc:2)
  A nagaraja (Snake:3)
  Donald (Orc:2)
  A deep elf demonologist (Elf:1)
  A deep elf annihilator (Elf:1)
  3 eleionomae (Swamp:1)
  A bunyip (Swamp:1)
  An ettin (Orc:2)
  3 vault guards (D:13)
  A salamander tyrant (Snake:3)
  A catoblepas (D:13)
  5 boulder beetles
  8 hydras
  A demonspawn (Orc:2)
  11 anacondas
  An alligator (Swamp:1)
  3 centaur warriors
  7 two-headed ogres
  Erica (D:10)
  6 dancing weapons (Elf:1)
  4 naga warriors
  10 death yaks
  A tengu warrior (D:15)
  5 orc high priests (Orc:2)
  7 shock serpents
  6 naga sharpshooters
  2 deep elf knights
  Sonja (Lair:5)
  4 skeletal warriors
  A salamander mystic (Snake:3)
  A deep troll (D:15)
  A bog body (Lair:2)
  6 naga ritualists
  A deep elf archer (Elf:1)
  5 mana vipers
  2 wizards (D:13)
  A necromancer (D:15)
  9 deep elf pyromancers
  A harpy (shapeshifter) (D:14)
  9 orc sorcerers
  4 deep elf zephyrmancers
  7 orc knights
  5 ugly things
  8 salamanders
  4 cyclopes
  19 elephants
  3 manticores
  5 naga magi
  22 black mambas
  2 smoke demons (Orc:2)
  A torpor snail (Lair:1)
  9 cane toads
  A gargoyle (D:12)
  9 komodo dragons
  2 unseen horrors (D:12)
  An ice devil (Orc:2)
  A kobold demonologist (D:12)
  A rime drake (Lair:5)
  A yaktaur (D:13)
  A hellwing (Orc:2)
  A tengu conjurer (D:15)
  A red devil (Orc:2)
  A polar bear (Lair:5)
  9 trolls
  A bloated husk (Swamp:1)
  2 tyrant leeches (Lair:2)
  Grinder (D:3)
  7 hornets
  19 blink frogs
  11 dream sheep
  14 slime creatures
  An air elemental (Elf:1)
  Sigmund (D:3)
  A shadow (D:10)
  7 wyverns
  38 yaks
  11 spriggans
  A ynoxinul (Orc:2)
  3 wraiths
  A fire elemental (Elf:1)
  18 humans (D:13)
  4 basilisks
  4 steam dragons
  15 vampire mosquitoes
  A warg (Orc:2)
  20 nagas
  6 swamp worms
  20 water moccasins
  A sky beast (D:6)
  5 ice beasts
  46 orc warriors
  6 black bears
  2 swamp drakes (Swamp:1)
  3 ogres
  4 boggarts (Lair:5)
  6 centaurs
  34 wolves
  3 kobold brigands
  10 bullfrogs
  2 earth elementals (Elf:1)
  4 gnoll sergeants
  2 necrophages (D:6)
  3 scorpions
  21 wights
  A killer bee (D:5)
  6 howler monkeys
  2 electric eels (D:8)
  5 hounds
  3 jellies
  35 orc priests
  5 iguanas
  Jessica (D:3)
  2 gnoll boudas
  Ijyb (D:3)
  32 orc wizards
  5 hell rats (Lair:2)
  Robin (D:3)
  23 gnolls
  12 adders
  A white imp (D:5)
  2 ufetubi (D:7)
  5 worms
  3 dart slugs
  85 orcs
  4 bats
  5 endoplasms
  2 giant cockroaches
  16 goblins
  6 hobgoblins
  10 jackals
  4 quokkas
  4 ball pythons
  5 frilled lizards
  27 kobolds
  4 rats
929 creatures vanquished.

Vanquished Creatures (collateral kills)
  Gastronok (Orc:1)
  An eleionoma (Swamp:1)
  An ettin (D:15)
  A hydra (Lair:2)
  A death yak (Lair:3)
  A mana viper (Snake:3)
  An orc sorcerer (Elf:1)
  3 ugly things (D:15)
  An elephant (Lair:4)
  A queen bee (shapeshifter) (Elf:1)
  A troll (Orc:2)
  A slime creature (D:15)
  A spriggan (Lair:5)
  A naga (Snake:2)
  2 orc warriors (Orc:2)
  A black bear (Lair:5)
  An orc priest (Orc:2)
  9 orcs
29 creatures vanquished.

Vanquished Creatures (others)
  A bloated husk (Swamp:1)
  A dancing weapon (D:15)
  25 fungi
  54 plants
81 creatures vanquished.

Grand Total: 1039 creatures vanquished

Notes
Turn   | Place    | Note
-------+----------+-------------------------------------------
     0 | D:1      | malesh the Kobold Enchanter began the quest for the Orb.
     0 | D:1      | Reached XP level 1. HP: 10/10 MP: 3/3
   210 | D:1      | Reached XP level 2. HP: 15/15 MP: 5/5
   337 | D:1      | Found a faded altar of an unknown god.
   524 | D:1      | Learned a level 2 spell: Ensorcelled Hibernation
   993 | D:2      | Reached XP level 3. HP: 19/19 MP: 6/6
  1063 | D:2      | Learned a level 3 spell: Confusing Touch
  1311 | D:2      | Found Erho's Vocational Training.
  1398 | D:2      | Reached skill level 5 in Stealth
  1398 | D:2      | Reached XP level 4. HP: 24/24 MP: 7/7
  2014 | D:3      | Noticed Sigmund
  2068 | D:3      | Noticed Robin
  2100 | D:3      | Killed Robin
  2101 | D:3      | Reached XP level 5. HP: 12/28 MP: 5/8
  2407 | D:3      | Noticed Grinder
  2408 | D:3      | Paralysed by Grinder for 5 turns
  2431 | D:3      | Killed Grinder
  2432 | D:3      | Reached skill level 1 in Fighting
  2432 | D:3      | Reached skill level 1 in Ice Magic
  2432 | D:3      | Reached XP level 6. HP: 15/34 MP: 7/10
  2636 | D:3      | Noticed Jessica
  2691 | D:3      | Killed Jessica
  2717 | D:3      | Killed Sigmund
  2718 | D:3      | Reached XP level 7. HP: 19/39 MP: 6/12
  2888 | D:3      | Noticed Ijyb
  2892 | D:3      | Killed Ijyb
  3209 | D:3      | Learned a level 3 spell: Tukima's Dance
  3213 | D:3      | Learned a level 3 spell: Dazzling Flash
  3731 | D:4      | Reached XP level 8. HP: 44/44 MP: 5/14
  3757 | D:4      | Reached skill level 5 in Hexes
  4604 | D:4      | Found an iron altar of Okawaru.
  4604 | D:4      | Found a stormy altar of Qazlal.
  4621 | D:5      | Entered Level 5 of the Dungeon
  4999 | D:5      | Reached XP level 9. HP: 45/49 MP: 7/16
  5244 | D:5      | Found a large runed translucent door.
  5245 | D:5      | Found a large runed translucent door.
  5322 | D:5      | Noticed a two-headed ogre
  5328 | D:5      | Found a large runed translucent door.
  5329 | D:5      | Found a large runed translucent door.
  5383 | D:5      | Identified the +0 kite shield of the Sunfish {Contam Drain
                  | rElec SInv}
  5389 | D:5      | Reached skill level 5 in Short Blades
  5389 | D:5      | Reached skill level 5 in Spellcasting
  5474 | D:5      | Found a sacrificial altar of Ru.
  5474 | D:5      | Found a bloodstained altar of Trog.
  5528 | D:5      | Reached skill level 10 in Stealth
  6437 | D:6      | Reached XP level 10. HP: 56/56 MP: 14/18
  7297 | D:7      | Reached skill level 5 in Dodging
  7434 | D:7      | Found a radiant altar of Vehumet.
  7442 | D:7      | Got Vehumet's Enchiridion on Striking
  7451 | D:7      | Found an ancient bone altar of Kikubaaqudgha.
  7459 | D:7      | Found a shimmering blue altar of Sif Muna.
  7587 | D:7      | Found the +18 Lear's hauberk
  7757 | D:7      | Found a staircase to the Ecumenical Temple.
  7770 | Temple   | Entered the Ecumenical Temple
  7922 | Temple   | Became a worshipper of Dithmenos the Shadowed
  8620 | D:8      | Found a flagged portal.
  8646 | Bailey   | Entered a bailey
  8854 | Bailey   | Reached * piety under Dithmenos
  8887 | Bailey   | Noticed an orc knight
  8904 | Bailey   | Killed an orc knight
  9089 | Bailey   | Identified the +4 long sword of the Goat {vamp, rF- rC++
                  | MP+9}
  9179 | Bailey   | Reached skill level 1 in Conjurations
  9281 | Bailey   | Identified the ring of Weefou {Contam Fly MP+9 Slay+3}
  9465 | D:8      | Reached XP level 11. HP: 45/60 MP: 19/21
  9826 | D:8      | Learned a level 3 spell: Call Canine Familiar
  9830 | D:8      | Learned a level 3 spell: Swiftness
  9870 | D:8      | Reached ** piety under Dithmenos
 10819 | D:8      | Learned a level 3 spell: Mephitic Cloud
 10981 | D:9      | Found a staircase to the Lair.
 11159 | D:9      | Found Xakkastro's Antique Armour Shop.
 11164 | D:9      | Bought a cloak for 112 gold pieces
 11649 | D:9      | Found a hide-covered altar of Uskayaw.
 11912 | D:9      | Noticed a two-headed ogre
 11918 | D:9      | Reached skill level 1 in Summonings
 11920 | D:9      | Killed a two-headed ogre
 11921 | D:9      | Reached skill level 1 in Air Magic
 12100 | D:10     | Entered Level 10 of the Dungeon
 12104 | D:10     | Reached *** piety under Dithmenos
 12120 | D:10     | Noticed a two-headed ogre
 12126 | D:10     | Killed a two-headed ogre
 12381 | D:10     | Found an opulent altar of Gozag.
 12388 | D:10     | Noticed Erica
 12405 | D:10     | Killed Erica
 12921 | D:10     | Reached XP level 12. HP: 68/68 MP: 24/24
 12921 | D:10     | Found a burning altar of Makhleb.
 13015 | D:11     | Noticed a boulder beetle
 13018 | D:11     | Killed a boulder beetle
 13182 | D:11     | Reached skill level 10 in Short Blades
 13250 | D:11     | Reached **** piety under Dithmenos
 13302 | D:11     | Found a gate leading to a gauntlet.
 13339 | D:11     | Reached skill level 5 in Fighting
 13413 | D:11     | Found Tatsos's Armour Shoppe.
 13413 | D:11     | Found a staircase to the Orcish Mines.
 13845 | Lair:1   | Entered Level 1 of the Lair of Beasts
 13872 | Lair:1   | Noticed a seven-headed hydra
 13874 | Lair:1   | Killed a seven-headed hydra
 13883 | Lair:1   | Noticed a four-headed hydra
 13890 | Lair:1   | Killed a four-headed hydra
 13904 | Lair:1   | Reached skill level 1 in Poison Magic
 14402 | Lair:1   | Reached XP level 13. HP: 74/74 MP: 26/26
 14505 | Lair:1   | Reached ***** piety under Dithmenos
 14670 | Lair:1   | Identified the ring of Ygage {Fly rCorr}
 15111 | Lair:2   | Reached skill level 10 in Hexes
 15186 | Lair:2   | Found a staircase to the Snake Pit.
 15196 | Lair:2   | Reached skill level 5 in Summonings
 15509 | Lair:2   | Reached skill level 1 in Invocations
 15676 | Lair:2   | Found a staircase to the Swamp.
 15691 | Lair:2   | Reached skill level 10 in Spellcasting
 16724 | Lair:3   | Reached XP level 14. HP: 39/82 MP: 28/28
 17740 | Lair:4   | Found a stormy altar of Qazlal.
 18110 | Lair:4   | Reached skill level 1 in Shields
 18302 | Lair:4   | Reached skill level 10 in Dodging
 19705 | Lair:5   | Entered Level 5 of the Lair of Beasts
 19772 | Lair:5   | Noticed Sonja
 19783 | Lair:5   | Killed Sonja
 19804 | Lair:5   | Reached ****** piety under Dithmenos
 20185 | Lair:5   | Reached skill level 5 in Invocations
 20234 | Lair:5   | Reached XP level 15. HP: 89/89 MP: 30/30
 20496 | Lair:5   | Identified the ring "Fayled" {rPois Will+ rCorr Int-4
                  | Stlth+}
 22038 | D:2      | Bought a manual of Evocations for 960 gold pieces
 22239 | Orc:1    | Entered Level 1 of the Orcish Mines
 22396 | D:11     | Reached skill level 1 in Evocations
 23117 | Orc:2    | Entered Level 2 of the Orcish Mines
 23171 | Orc:2    | Found a flickering gateway to a bazaar.
 23188 | Bazaar   | Entered a bazaar
 23384 | Bazaar   | Found Nufuju's Antique Weapon Shoppe.
 23405 | Bazaar   | Found Faxtusk's Book Shop.
 23459 | Bazaar   | Found Saninoc's Magic Scroll Emporium.
 23479 | Bazaar   | Found Zust's Book Shoppe.
 23502 | Bazaar   | Bought a jewelled rapier for 261 gold pieces
 23502 | Bazaar   | Identified the +7 rapier "Nuyvacw" {vamp, Str+8} (You
                  | bought it in a shop in a bazaar)
 23522 | Bazaar   | Bought a scroll of identify for 34 gold pieces
 23522 | Bazaar   | Bought a scroll of teleportation for 51 gold pieces
 23985 | Orc:2    | Found a staircase to the Elven Halls.
 24148 | Orc:1    | Noticed Gastronok
 24169 | Orc:1    | Killed Gastronok
 24398 | Orc:2    | Noticed Donald
 24426 | Orc:2    | HP: 3/90 [Donald/+5 vorpal long sword (4)]
 24672 | Orc:1    | Learned a level 1 spell: Slow
 26509 | D:13     | Found a shimmering altar of Xom.
 26585 | D:13     | Reached skill level 5 in Evocations
 26616 | D:13     | Reached XP level 16. HP: 96/96 MP: 33/33
 26894 | D:13     | Identified the amulet "Buzin" {RegenMP rElec rC++ Regen+}
 26986 | D:13     | Identified the +1 scale mail "Oxaapit" {*Corrode rN+ Str+3
                  | SInv}
 27066 | D:13     | Found a gate to the Vaults.
 27824 | D:14     | Found a transporter.
 27836 | D:14     | Found a transporter.
 28707 | D:15     | Entered Level 15 of the Dungeon
 28947 | D:15     | Reached skill level 10 in Fighting
 29112 | D:15     | Found a staircase to the Depths.
 29880 | Snake:1  | Entered Level 1 of the Snake Pit
 29964 | Snake:1  | Found Zemusatu's Assorted Antiques.
 29970 | Snake:1  | Bought a scroll of blinking for 240 gold pieces
 29970 | Snake:1  | Bought a potion of heal wounds for 160 gold pieces
 30004 | Snake:1  | Found Hipe's General Store.
 30006 | Snake:1  | Found Cecw's Distillery.
 30013 | Snake:1  | Bought a potion of heal wounds for 60 gold pieces
 30013 | Snake:1  | Bought a potion of heal wounds for 60 gold pieces
 30013 | Snake:1  | Bought a potion of invisibility for 96 gold pieces
 30197 | Snake:1  | Found Ischof's Antique Armour Boutique.
 30340 | Snake:1  | Found Soama's Antique Weapon Shop.
 30609 | Snake:1  | Reached skill level 5 in Shields
 31151 | Snake:2  | Found Yfy Jous's Magic Scroll Emporium.
 31185 | Snake:2  | Got the Precepts of Shaping and Hurting
 31582 | Snake:2  | You are sucked into a shaft and drop 1 floor!
 31622 | Snake:3  | Reached XP level 17. HP: 103/103 MP: 34/34
 32753 | Snake:3  | Found a stormy altar of Qazlal.
 32957 | Snake:4  | Entered Level 4 of the Snake Pit
 34193 | Snake:4  | Learned a level 7 spell: Enfeeble
 34433 | Swamp:1  | Entered Level 1 of the Swamp
 35244 | Orc:2    | Killed Donald
 35270 | Orc:2    | Noticed Rupert
 35322 | Orc:2    | Killed Rupert
 35455 | Orc:2    | Found Enoown's General Store.
 35506 | Orc:2    | Found Hescho Poyfo's Distillery.
 35511 | Orc:2    | Bought 2 potions of curing for 60 gold pieces
 35511 | Orc:2    | Bought a potion of invisibility for 80 gold pieces
 35869 | Orc:2    | Reached XP level 18. HP: 101/110 MP: 36/36
 35899 | Orc:2    | Found Terit's Book Boutique.
 35899 | Orc:2    | Found Wenet's Antique Armour Shop.
 35900 | Orc:2    | Found a one-way gate leading to the halls of Pandemonium.
 36122 | Elf:1    | Entered Level 1 of the Elven Halls
 36432 | Elf:1    | Noticed a Tzitzimitl
 37145 | Elf:1    | Reached skill level 15 in Hexes
 38371 | Lair:2   | Reached skill level 15 in Spellcasting
 38669 | Swamp:1  | Killed from afar by a spriggan druid

Illustrated notes

Levels and vault maps discovered:
D:1:      lightli_iron_boxes, layout_loops_ring,
          shapermc_ecumenical_altar_totnotflames
D:2:      layout_loops_ring, nicolae_shop_vocational
D:3:      layout_basic, uniq_robin, uniq_jessica, uniq_sigmund, uniq_ijyb,
          uniq_grinder
D:4:      layout_rooms, gammafunk_temple_overflow_statue,
          kennysheep_another_room
D:5:      layout_cave_pools, nicolae_overflow_two_pavilions,
          minmay_hollow_rounded_squares
D:6:      layout_rooms, minmay_misc_feat_room, nicolae_grassy_gnolls
D:7:      layout_basic, palyth_temple_overflow_mages,
          minmay_temple_entry_glassed_door
D:8:      layout_rooms, serial_bayou, serial_bayou_pond_a, serial_bayou_shore_a,
          serial_bayou_crossing, serial_bayou_lagoon_a, enter_bailey_5,
          kennysheep_generic_room_13
D:9:      layout_gridville, nicolae_uskayaw_dance_studio, lair_entry_dummy,
          serial_shops, nicolae_shop_competitors_out_of_business,
          minmay_misc_feat_tiny
D:10:     layout_gridville, lemuel_round_altar, marbit_many_paths, uniq_erica
D:11:     layout_roguey, orc_david_3, gauntlet_entry_generic
D:12:     layout_loops_cross, kennysheep_generic_room_14
D:13:     layout_gridville, grunt_vaults_entry_tiered, xom_teletrap_fun
D:14:     layout_loops_ring, gammafunk_ghost_wrathful_warriors,
          nicolae_concentric_dashed_squares_mild
D:15:     hangedman_depths_entry_civil_slaughter, layout_irregular_city
Temple:   nicolae_temple_hex_pool
Lair:1:   layout_misc_corridors, lightli_volcano_entry_magma_tube,
          cheibrodos_lair_caveside_slide, lemuel_fruit_fields
Lair:2:   layout_hall_layers, minmay_swamp_entry_worms,
          minmay_snake_entry_guardpost_large, st_stairs_5, beast_lair_carwin_9
Lair:3:   layout_cave_shapes, st_stairs_8, grunt_megastairs_1
Lair:4:   layout_loops_ring, minmay_slime_entry_oklob_open, basic_altar,
          lemuel_fruit_tree
Lair:5:   minmay_lair_end_enchanted_forest, layout_hall_layers,
          nicolae_lair_lil_pond, serial_bayou_shore_b, uniq_sonja
Swamp:1:  nicolae_swamp_wrong_neighborhood, layout_falls_marsh,
          nicolae_swamp_very_dense_foliage
Snake:1:  layout_chambers, serial_shops, nicolae_shop_overgrown_old_shop,
          nicolae_shop_advertising_works [nicolae_subvault_shop_adworks], shop,
          minmay_shop_star
Snake:2:  layout_misc_corridors, serial_shops, shop
Snake:3:  layout_onion_interference, basic_altar
Snake:4:  grunt_snake_rune_serpentine_throne, layout_layer_cave,
          serial_bayou_pond_d, hangedman_snake_pattern
Orc:1:    layout_caves, uniq_gastronok
Orc:2:    pf_orc_diabolical, layout_caves, serial_shops, bzr_entry_gold,
          uniq_rupert, uniq_donald
Elf:1:    nicolae_elf_arrival_fired_up, layout_onion_city,
          kennysheep_underground_church
Elf:2:    nicolae_elf_blades_crystal_corner, layout_loops_corners

Skill      XL: |  1  2  3  4  5  6  7  8  9 10 11 12 13 14 15 16 17 18 |
---------------+-------------------------------------------------------+-----
Short Blades   | 2 3 4 5 7 9 10 | 10.8
Stealth        | 5 6 7 8 11 12 13 14 | 14.5
Fighting       | 1 2 3 4 6 7 8 9 10 11 | 11.9
Dodging        | 3 4 5 6 8 9 10 11 12 13 | 13.8
Spellcasting   | 3 4 5 7 8 9 10 11 13 14 15 | 15.0
Hexes          | 4 5 6 7 8 9 10 12 13 14 15 | 15.1
Ice Magic      | 1 2 3 |  3.7
Conjurations   | 1 2 |  2.0
Summonings     | 2 4 5 6 7 |  7.3
Air Magic      | 2 3 |  3.6
Poison Magic   | 2 4 |  4.0
Invocations    | 2 5 |  5.0
Shields        | 2 4 5 6 |  6.0
Evocations     | 5 6 8 |  8.3

Action                   |  1- 3 |  4- 6 |  7- 9 | 10-12 | 13-15 | 16-18 || total
-------------------------+-------+-------+-------+-------+-------+-------++-------
Melee: Dagger            |    28 |    68 |   207 |   499 |   454 |       ||  1256
       Punch             |       |       |     1 |     5 |     2 |       ||     8
       Rapier            |       |       |       |       |   161 |   735 ||   896
 Fire: Sling             |       |       |       |    15 |    48 |       ||    63
 Cast: Ensorcelled Hiber |     5 |    12 |    61 |   129 |   225 |   190 ||   622
       Confusing Touch   |       |     2 |    11 |    25 |    30 |    62 ||   130
       Mephitic Cloud    |       |       |       |     2 |     3 |     4 ||     9
       Call Canine Famil |       |       |       |       |     9 |    34 ||    43
       Dazzling Flash    |       |       |       |       |     3 |     7 ||    10
       Swiftness         |       |       |       |       |     3 |       ||     3
       Tukima's Dance    |       |       |       |       |       |     3 ||     3
       Enfeeble          |       |       |       |       |       |     5 ||     5
       Slow              |       |       |       |       |       |     1 ||     1
Evoke: Wand              |       |       |       |       |     2 |       ||     2
  Use: Potion            |       |     4 |       |     2 |     4 |     7 ||    17
       Scroll            |       |     2 |     6 |     9 |    14 |    12 ||    43
 Stab: Sleeping          |    17 |    17 |    62 |   126 |   246 |   173 ||   641
       Invisible         |       |     1 |       |     2 |     5 |     5 ||    13
       Confused          |       |     3 |     8 |    26 |    29 |    50 ||   116
       Distracted        |       |       |     2 |     2 |     1 |    10 ||    15
Armor: Robe              |     1 |     9 |    43 |    82 |   109 |   134 ||   378
       Skin              |       |     2 |       |       |       |       ||     2
Dodge: Dodged            |    15 |    36 |   146 |   332 |   437 |   535 ||  1501
Block: Buckler           |       |       |       |       |   101 |   225 ||   326
